 Dungeon Crawl Stone Soup version 0.30-a0-867-g305f33218d (webtiles) character file.

Game seed: 1155699682758493925

154 Firecrotchwizard the Slasher (level 5, -3/44 (46) HPs)
             Began as a Minotaur Gladiator on Mar 11, 2023.
             Was a Follower of Wu Jian.
             Slain by a hell rat (4 damage)
             ... in a sewer.
             The game lasted 00:05:37 (1979 turns).

Firecrotchwizard the Slasher (Minotaur Gladiator)   Turns: 1979, Time: 00:05:37

HP:   -3/44 (46)    AC:  6    Str: 20    XL:     5   Next: 13%
MP:   4/4           EV: 10    Int:  5    God:    Wu Jian [*.....]
Gold: 183           SH:  0    Dex: 12    Spells: 4/4 levels left

rFire   . . .      SeeInvis .    a - +0 long sword
rCold   . . .      Faith    .    (no shield)
rNeg    . . .      Spirit   .    o - +0 scale mail
rPois   .          Reflect  .    c - +0 hat
rElec   .          Rampage  .    (no cloak)
rCorr   .                        (no gloves)
Will    .....                    (no boots) Stlth
                                 (no amulet)
HPRegen 0.27/turn                (no ring)
MPRegen 0.09/turn                (no ring)

@: lightly drained
A: horns 2, retaliatory headbutt
a: Renounce Religion


You were in a sewer.
You worshipped Wu Jian.
Wu Jian was aware of your devotion.
You visited 1 branch of the dungeon, and saw 3 of its levels.
You also visited: Sewer.

You collected 183 gold pieces.

Inventory:

Hand Weapons
 a - a +0 long sword (weapon)
Missiles
 d - 3 throwing nets {!d}
 f - a javelin (quivered)
 s - 9 stones
 v - 2 atropa-tipped darts
Armour
 b - a +0 leather armour
 c - a +0 hat (worn)
 h - a +0 plate armour
   (You found it on level 1 of the Dungeon)
 o - a +0 scale mail (worn)
   (You found it on level 2 of the Dungeon)
Scrolls
 i - 2 scrolls of fear {unknown}
 k - 4 scrolls of teleportation {unknown}
 l - a scroll of enchant armour {unknown}
 n - a scroll of amnesia {unknown}
 p - a scroll of immolation {unknown}
 q - a scroll of silence {unknown}
 t - 2 scrolls of identify {unknown}
Potions
 e - 2 potions of haste {unknown}
 g - 4 potions of curing {unknown}
 j - a potion of berserk rage {unknown}
 m - a potion of magic {unknown}
 r - a potion of degeneration {unknown}
 u - a potion of heal wounds {unknown}


   Skills:
 + Level 4.1 Fighting
 * Level 6.2 Long Blades
 - Level 2.0 Throwing
 - Level 3.2 Dodging


You had 4 spell levels left.
You didn't know any spells.
Your spell library contained the following spells:

 Spells                   Type           Power      Damage    Failure   Level
 Blink                    Tloc           0%         N/A       94%         2
 Lesser Beckoning         Tloc           0%         N/A       94%         2
 Momentum Strike          Conj/Tloc      0%         3d8       94%         2


Dungeon Overview and Level Annotations

Branches:
Dungeon (3/15)              Sewer (1/1)

Altars:
Wu Jian


Innate Abilities, Weirdness & Mutations

You have a pair of horns on your head.
You reflexively headbutt those who attack you in melee.


Message History

You kill the rat!
The Council accepts your kill.
You spin and attack the rat.
You barely miss the rat. The rat barely misses you.
You enter the shallow water.
Moving in this stuff is going to be slow.
A rat comes into view.
You spin and attack the rat repeatedly.
You hit the rat.
You kill the rat!
The Council accepts your kill. 2 river rats come into view.
You enter the shallow water.
Moving in this stuff is going to be slow.
A river rat comes into view.
You spin and attack the river rat.
You closely miss the river rat.
You spin and attack the rat.
You closely miss the rat.
The river rat bites you but does no damage.
The river rat barely misses you.
You spin and attack the river rat.
You closely miss the river rat. You headbutt the river rat.
You spin and attack the rat.
You completely miss the rat. You headbutt the rat. The rat closely misses you.
The river rat closely misses you.
You hit the river rat but do no damage. You headbutt the river rat.
The rat bites you but does no damage.
The river rat bites you but does no damage.
The river rat barely misses you. You furiously retaliate!
You headbutt the river rat. The river rat closely misses you.
You furiously retaliate!
You headbutt the river rat!
You kill the river rat!
The Council accepts your kill.
The rat splashes around in the water.
Your Long Blades skill increases to level 6!
You enter the shallow water.
Moving in this stuff is going to be slow.
You spin and attack the river rat.
You barely miss the river rat.
You spin and attack the river rat.
You hit the river rat but do no damage.
The river rat bites you but does no damage. x2
You see here a river rat corpse.
You spin and attack the river rat.
You hit the river rat but do no damage. Your headbutt misses the river rat.
The river rat bites you but does no damage.
The river rat bites you.
You take 5 damage, and have 35/40 hp.
You enter the shallow water.
Moving in this stuff is going to be slow.
You lunge at the rat.
You slash the rat!
You kill the rat!
The Council accepts your kill.
You spin and attack the river rat.
Your unstable footing causes you to fumble your attack.
You spin and attack the river rat.
You closely miss the river rat. The river rat bites you!
The river rat closely misses you. You furiously retaliate!
You headbutt the river rat.
You take 7 damage, and have 28/40 hp.
You spin to attack the river rat, but your attack speed is too slow for a blow to land.
You spin and attack the river rat.
You slash the river rat!
You kill the river rat!
The Council accepts your kill. The river rat barely misses you.
The river rat misses you.
You have reached level 5!
You regained 5 hp, and now have 33/46 hp.
MP restored: 4 You closely miss the river rat.
The river rat bites you!
You take 7 damage, and have 26/46 hp.
You barely miss the river rat. The river rat bites you.
You take 4 damage, and have 22/46 hp.
You hit the river rat but do no damage. The river rat bites you.
You take 2 damage, and have 20/46 hp.
You slash the river rat! You headbutt the river rat.
You kill the river rat!
The Council accepts your kill.
You enter the shallow water.
Moving in this stuff is going to be slow.
Things that are here:
a river rat corpse; a river rat corpse You open the door.
A hell rat comes into view.
The hell rat roars deafeningly!
Found three items.
Found a gate leading back out of this place.
Health restored: 46
There is an open door here.
You hit the hell rat but do no damage. The hell rat bites you!
You take 7 damage, and have 39/46 hp.
You closely miss the hell rat. You headbutt the hell rat.
The hell rat bites you!
You feel drained. The hell rat bites you.
* * * LOW HITPOINT WARNING * * *
You take 28 damage, and have 11/44 hp.
MASSIVE DAMAGE!!
You barely miss the hell rat. The hell rat bites you.
* * * LOW HITPOINT WARNING * * *
You take 1 damage, and have 10/44 hp.
You closely miss the hell rat. The hell rat bites you!
* * * LOW HITPOINT WARNING * * *
You take 9 damage, and have 1/44 hp.
MASSIVE DAMAGE!!
You barely miss the hell rat. The hell rat bites you.
You die...

#~.~∩~.~###
#.~~.~∩~~†.~###
.~..~#####.†~.~#
.~~###?∩!###..~##
~~##~!!!!$.##†.~#
. #..~~~~~~.#.†.#
~~~~~~.##~~.# ~.
#.r.###...##
~~~.##@##~.~~~#
#.......~†~~###
###.~..††.###
#########


You could see a hell rat.

Vanquished Creatures
  3 gnolls (D:3)
  2 adders (D:2)
  4 river rats (Sewer)
  2 dart slugs
  4 endoplasms
  2 giant cockroaches
  6 hobgoblins
  12 jackals
  3 quokkas
  2 ball pythons
  9 bats
  A frilled lizard (D:1)
  3 goblins
  2 kobolds (D:2)
  11 rats
66 creatures vanquished.

Notes
Turn   | Place    | Note
-------+----------+-------------------------------------------
     0 | D:1      | Firecrotchwizard the Minotaur Gladiator began the quest for
                  | the Orb.
     0 | D:1      | Reached XP level 1. HP: 18/18 MP: 0/0
   142 | D:1      | Reached skill level 4 in Long Blades
   148 | D:1      | Reached XP level 2. HP: 19/25 MP: 1/1
   449 | D:1      | Reached skill level 3 in Fighting
   612 | D:1      | Reached XP level 3. HP: 27/31 MP: 2/2
   946 | D:2      | Found an ornate altar of the Wu Jian Council.
   961 | D:2      | Became a worshipper of the Wu Jian Council
  1037 | D:2      | Reached skill level 5 in Long Blades
  1113 | D:2      | Found a faded altar of an unknown god.
  1538 | D:2      | Reached XP level 4. HP: 36/38 MP: 3/3
  1713 | D:3      | Reached * piety under Wu Jian
  1777 | D:3      | Found a glowing drain.
  1850 | Sewer    | Entered a sewer
  1858 | Sewer    | Reached skill level 4 in Fighting
  1869 | Sewer    | Reached skill level 6 in Long Blades
  1873 | Sewer    | Reached XP level 5. HP: 33/46 MP: 4/4
  1976 | Sewer    | HP: 11/44 [hell rat (5)]
  1978 | Sewer    | HP: 1/44 [hell rat (9)]
  1979 | Sewer    | Slain by a hell rat

Illustrated notes

Levels and vault maps discovered:
D:1:      dpeg_arrival_short_road, layout_basic, kennysheep_crisscross,
          minmay_vboxes
D:2:      layout_basic, basic_altar, hellmonk_ecumenical_altar_zigzags,
          grunt_ministairs_14
D:3:      layout_loops_ring, nicolae_ru_awakened_eye, portal_sewer_entry_a
Sewer:    sewer_hellmonk_bad_rat

Skill      XL: |  1  2  3  4 |
---------------+-------------+-----
Long Blades    | 4 5 6 |  6.2
Fighting       | 3 4 |  4.1
Throwing       | |  2.0
Dodging        | |  3.2

Action                     |  1- 3 |  4- 6 || total
---------------------------+-------+-------++-------
  Melee: Long sword        |    95 |    55 ||   150
         Headbutt          |    13 |    15 ||    28
  Throw: Javelin           |     3 |       ||     3
Ability: Lunge             |     7 |     3 ||    10
         Whirlwind         |       |    22 ||    22
 Armour: Leather armour    |    33 |       ||    33
         Scale mail        |     7 |    20 ||    27
  Dodge: Dodged            |    63 |    26 ||    89

Table legend: (Time is in decaauts)
 A = Elapsed time spent in this place.
 B = Non-inter-level travel time spent in this place.
 C = Inter-level travel time spent in this place.
 D = Time resting spent in this place.
 E = Time spent auto-exploring this place.
 F = Levels seen in this place.
 G = Mean time per level.
                   A        B        C        D        E       F      G
               +--------+--------+--------+--------+--------+-----+--------+
         Total |   2003 |   1891 |    112 |     20 |   1465 |   4 |  500.8 |
       Dungeon |   1869 |   1757 |    112 |     20 |   1371 |   3 |  623.0 |
         Sewer |    134 |    134 |      0 |      0 |     94 |   1 |  134.0 |
               +--------+--------+--------+--------+--------+-----+--------+

Top non-repeatable levels by time:
     D:1: 876 daAuts
     D:2: 843 daAuts
     D:3: 150 daAuts
   Sewer: 134 daAuts

Table legend:
 A = Kills in this place as a percentage of kills in the entire game.
 B = Kills by you in this place as a percentage of kills by you in the entire game.
 C = Kills by friends in this place as a percentage of kills by friends in the entire game.
 D = Other kills in this place as a percentage of other kills in the entire game.
 E = Experience gained in this place as a percentage of experience gained in the entire game.
 F = Experience gained in this place divided by the number of levels of this place that you have seen.
                   A       B       C       D       E      F
               +-------+-------+-------+-------+-------+----------------------
         Total | 100.0 | 100.0 |   N/A |   N/A | 100.0 |  55.2
       Dungeon |  87.9 |  87.9 |   N/A |   N/A |  73.8 |  54.3
         Sewer |  12.1 |  12.1 |   N/A |   N/A |  26.2 |  58.0
               +-------+-------+-------+-------+-------+----------------------
